 Dungeon Crawl Stone Soup version 0.17-b1-15-g0f5fb43 (webtiles) character file.

166 Shiisan the Slasher (level 5, -6/34 HPs)
             Began as a High Elf Skald on Nov 3, 2015.
             Mangled by DEFE's ghost (14 damage)
             ... on level 4 of the Dungeon.
             The game lasted 00:16:07 (4191 turns).

Shiisan the Slasher (High Elf Skald)                Turns: 4191, Time: 00:16:07

Health: -6/34      AC:  5    Str: 12    XL:     5   Next: 22%
Magic:  9/9        EV:  5    Int: 16    God:
Gold:   194        SH:  0    Dex: 14    Spells: 3 memorised, 4 levels left

rFire  . . .     SeeInvis .     a - +0 falchion
rCold  . . .     Clarity  .     e - +0 ring mail
rNeg   . . .     SustAt   .     (no shield)
rPois  .         Gourm    .     (no helmet)
rElec  .         Spirit   .     (no cloak)
rCorr  .         Warding  .     (no gloves)
rMut   .         Stasis   .     (no boots)
MR     .....                    (no amulet)
Stlth  +.........               (no ring)
                                (no ring)

@: not resistant to hostile enchantments, very unstealthy
A: no striking features
a: no special abilities


You were on level 4 of the Dungeon.
You were hungry.

You visited 1 branch of the dungeon, and saw 4 of its levels.

You collected 194 gold pieces.

Inventory:

Hand Weapons
 a - a +0 falchion (weapon)
Missiles
 n - 2 javelins (quivered)
Armour
 e - a +0 ring mail (worn)
Jewellery
 g - a cursed ring of teleportation {unknown}
 l - an uncursed ring of stealth {unknown}
Wands
 m - a wand of confusion (0)
Scrolls
 f - a scroll of random uselessness {unknown}
 h - 2 scrolls of blinking {unknown}
 o - 3 scrolls of identify {unknown}
 p - 2 scrolls of fear {unknown}
 s - a scroll of teleportation {unknown}
 u - 3 scrolls of enchant weapon {unknown}
 v - a scroll of immolation {unknown}
 w - a scroll of magic mapping {unknown}
 y - a scroll of fog {unknown}
Potions
 b - a potion of cure mutation {unknown}
 i - a potion of magic {unknown}
 j - 3 potions of curing {unknown}
 k - a potion of agility {unknown}
 q - a potion of flight {unknown}
 r - a potion of beneficial mutation {unknown}
 t - a potion of haste {unknown}
Books
 c - a book of Battle

   Spells                             Type                      Level
   a - Infusion                       Charms                       1
   b - Shroud of Golubria             Charms/Translocation         2
   c - Song of Slaying                Charms                       2
   d - Spectral Weapon                Hexes/Charms                 3
   e - Regeneration                   Charms/Necromancy            3
Comestibles
 d - 4 bread rations


   Skills:
 - Level 2.1 Fighting
 + Level 6.2 Long Blades
 - Level 0.8 Armour
 - Level 1.2 Dodging
 - Level 2.5 Spellcasting
 - Level 3.9 Charms


You had 4 spell levels left.
You knew the following spells:

 Your Spells              Type           Power        Failure   Level  Hunger
a - Infusion              Chrm           ##....       10%         1    #......
b - Song of Slaying       Chrm           ##......     14%         2    ##.....
c - Shroud of Golubria    Chrm/Tloc      #.........   30%         2    ##.....


Dungeon Overview and Level Annotations

Branches:
Dungeon (4/15)
 Temple: D:4-7

Altars:
Elyvilon
Gozag
Kikubaaqudgha
Okawaru
Xom
Yredelemnul
Zin

Annotations:
D:4 DEFE's ghost, amateur OpFi


Message History

DEFE's ghost is moderately damaged.
DEFE's ghost completely misses you.
You slash DEFE's ghost!
DEFE's ghost is heavily damaged.
DEFE's ghost hits you.
You hit DEFE's ghost.
DEFE's ghost is heavily damaged.
DEFE's ghost misses you.
You hit DEFE's ghost but do no damage.
DEFE's ghost is heavily damaged.
DEFE's ghost hits you!
* * * LOW HITPOINT WARNING * * *
You are too injured to fight recklessly!
Level annotation: DEFE's ghost, amateur OpFi Welcome back, Shiisan the High Elf Skald.
Press ? for a list of commands and other information.
DEFE's ghost hits you but does no damage.
There is a stone staircase leading up here.
DEFE's ghost hits you!
You die...

## # #.
#/#. ###
.#. #@# ..
#W# #. #.#
#.#######.#
#.........#
###########


You could see DEFE's ghost.

Vanquished Creatures
  An orc priest (D:3)
  Jessica (D:2)
  An adder (D:2)
  2 oozes
  3 worms
  2 giant geckos
  5 orcs
  2 giant cockroaches
  6 goblins
  16 hobgoblins
  5 jackals
  A quokka (D:3)
  A ball python (D:1)
  6 bats
  3 giant newts
  12 kobolds
  5 rats
72 creatures vanquished.

Notes
Turn   | Place    | Note
--------------------------------------------------------------
     0 | D:1      | Shiisan the High Elf Skald began the quest for the Orb.
     0 | D:1      | Reached XP level 1. HP: 14/14 MP: 4/4
   304 | D:1      | Reached XP level 2. HP: 5/19 MP: 6/6
  1033 | D:1      | Reached XP level 3. HP: 20/24 MP: 7/7
  1478 | D:2      | Reached skill level 4 in Long Blades
  1863 | D:2      | Noticed Jessica
  1968 | D:2      | Killed Jessica
  1968 | D:2      | Reached skill level 5 in Long Blades
  1968 | D:2      | Reached XP level 4. HP: 3/29 MP: 8/8
  2338 | D:2      | Found a glowing silver altar of Zin.
  2341 | D:2      | Found a basalt altar of Yredelemnul.
  2348 | D:2      | Found an iron altar of Okawaru.
  2349 | D:2      | Found an ancient bone altar of Kikubaaqudgha.
  2350 | D:2      | Found an opulent altar of Gozag.
  2351 | D:2      | Found a white marble altar of Elyvilon.
  2444 | D:2      | Found a shimmering altar of Xom.
  3454 | D:3      | Reached skill level 6 in Long Blades
  3454 | D:3      | Reached XP level 5. HP: 26/34 MP: 9/9
  4080 | D:3      | Learned a level 2 spell: Song of Slaying
  4083 | D:3      | Learned a level 2 spell: Shroud of Golubria
  4108 | D:4      | Noticed a phantom
  4165 | D:4      | Noticed DEFE's ghost (amateur OpFi)
  4191 | D:4      | Mangled by DEFE's ghost

Action                   |  1- 3 |  4- 6 || total
-------------------------+-------+-------++-------
Melee: Falchion          |   151 |   132 ||   283
Throw: Javelin           |     2 |     2 ||     4
Evoke: Wand              |       |     3 ||     3
  Use: Potion            |     1 |       ||     1
       Scroll            |     1 |       ||     1
  Eat: Chunk             |     3 |     7 ||    10
